 Dungeon Crawl Stone Soup version 0.29-a0-418-gc0181ea820 (webtiles) character file.

Game seed: 5669212802691018581

85 GordonOverkill the Poker (level 4, 0/35 HPs)
             Began as a Human Warper on May 17, 2022.
             Slain by Sigmund
             ... wielding a +0 scythe
              (12 damage)
             ... on level 2 of the Dungeon.
             The game lasted 00:02:54 (1387 turns).

GordonOverkill the Poker (Human Warper)             Turns: 1387, Time: 00:02:55

Health: 0/35       AC:  3    Str: 13    XL:     4   Next: 75%
Magic:  7/7        EV: 11    Int: 14    God:
Gold:   52         SH:  0    Dex: 12    Spells: 5/7 levels left

rFire   . . .      SeeInvis .   a - +0 spear
rCold   . . .      Faith    .   (no shield)
rNeg    . . .      Spirit   .   b - +0 leather armour
rPois   .          Reflect  .   (no helmet)
rElec   .          Harm     .   (no cloak)
rCorr   .          Rampage  .   (no gloves)
Will    .....                   (no boots)
Stlth   +.........              (no amulet)
HPRegen 0.11/turn               (no ring)
MPRegen 0.10/turn               (no ring)

@: no status effects
A: no striking features
a: no special abilities


You were on level 2 of the Dungeon.
You visited 1 branch of the dungeon, and saw 2 of its levels.

You collected 52 gold pieces.

Inventory:

Hand Weapons
 a - a +0 spear (weapon)
Missiles
 d - 7 boomerangs of dispersal (quivered)
Armour
 b - a +0 leather armour (worn)
Scrolls
 c - a scroll of blinking
 f - a scroll of poison {unknown}
 g - a scroll of enchant armour {unknown}
 h - 2 scrolls of identify {unknown}
 i - 2 scrolls of teleportation {unknown}
Potions
 j - a potion of resistance {unknown}


   Skills:
 + Level 3.0 Fighting
 * Level 3.9 Polearms
 - Level 1.0 Throwing
 - Level 1.0 Armour
 - Level 2.0 Dodging
 - Level 2.0 Spellcasting
 - Level 3.0 Translocations


You had 5 spell levels left.
You knew the following spells:

 Your Spells              Type           Power      Damage    Failure   Level
a - Blink                 Tloc           18%        N/A       13%         2

Your spell library contained the following spells:

 Spells                   Type           Power      Damage    Failure   Level
 Gell's Gravitas          Tloc           9%         N/A       26%         3
 Lesser Beckoning         Tloc           9%         N/A       26%         3
 Teleport Other           Tloc           9%         N/A       26%         3
 Manifold Assault         Tloc           9%         N/A       94%         5


Dungeon Overview and Level Annotations

Branches:
Dungeon (2/15)

Altars:

Shops:
D:2 !

Annotations:
D:2 Sigmund


Message History

Sigmund's eyes start glowing with a red light.
The kobold hits you but does no damage.
You hit the kobold.
You kill the kobold!
The worm bites you!
* * * LOW HITPOINT WARNING * * *
Sigmund mumbles some strange words.
Sigmund flickers and vanishes!
Deactivating autopickup; reactivate with Ctrl-A.
Things that are here:
a +0 dagger; a scroll labelled NOETZUR ANAFU You hit the worm but do no damage.
The worm bites you!
* * * LOW HITPOINT WARNING * * *
A worm comes into view.
Found a mace and a bronze wand.
Found a stone staircase leading down.
The worm bites you.
* * * LOW HITPOINT WARNING * * *
Found an escape hatch in the floor.
You hear some strange, mumbled words.
You are confused.
You bump into the rock wall.
You hear some strange, mumbled words.
You are more confused.
You're too confused to move!
Something hits you but does no damage.
You're too confused to move!
You bump into the rock wall.
You hear some strange, mumbled words.
Something tries to affect you, but you resist.
Something hits you.
* * * LOW HITPOINT WARNING * * *
Found 12 stones.
You feel less confused.
Things that are here:
a +0 dagger; a +0 robe; the human corpse of Jessica You hear some strange, mumbled words.
You are confused.
You're too confused to move!
It was a potion of curing.
You feel better. Something hits you!
You die...

...##./ . .. .......#.
#.#......... ...
......## #.# .....## #.#
#).?.### #.#
######......
###.###....)....##
####@....).#####.....
#...<..).w.......∩(..
..........w...#.........
######..........####....
#..........# #...
#..........# ...
#.....)...## ...
#.........# #..
#.......... .


You could see 2 worms.

Vanquished Creatures
  Jessica (D:2)
  A gnoll (D:1)
  3 dart slugs (D:1)
  2 ball pythons (D:1)
  3 bats (D:1)
  3 endoplasms (D:1)
  2 giant cockroaches (D:1)
  5 goblins
  5 hobgoblins (D:1)
  3 jackals (D:1)
  4 kobolds
  A quokka (D:1)
  A frilled lizard (D:1)
  5 rats (D:1)
39 creatures vanquished.

Notes
Turn   | Place    | Note
-------+----------+-------------------------------------------
     0 | D:1      | GordonOverkill the Human Warper began the quest for the
                  | Orb.
     0 | D:1      | Reached XP level 1. HP: 16/16 MP: 3/3
    46 | D:1      | Reached XP level 2. HP: 22/22 MP: 5/5
   336 | D:1      | Reached XP level 3. HP: 23/28 MP: 6/6
  1073 | D:1      | Reached XP level 4. HP: 34/34 MP: 7/7
  1290 | D:2      | Noticed Sigmund
  1296 | D:1      | Learned a level 2 spell: Blink
  1337 | D:2      | Noticed Jessica
  1342 | D:2      | Killed Jessica
  1350 | D:2      | Found Plog's Distillery.
  1387 | D:2      | Slain by Sigmund

Illustrated notes

Levels and vault maps discovered:
D:1:      roderic_dead_forest, layout_basic
D:2:      layout_rooms, serial_shops, shop, basic_altar, uniq_jessica,
          uniq_sigmund

Skill      XL: |  1  2  3  4 |
---------------+-------------+-----
Polearms       | 3 |  3.9
Fighting       | 3 |  3.0
Throwing       | |  1.0
Armour         | |  1.0
Dodging        | |  2.0
Spellcasting   | |  2.0
Translocations | |  3.0

Action                   |  1- 3 |  4- 6 || total
-------------------------+-------+-------++-------
Melee: Spear             |   109 |    45 ||   154
       Punch             |     1 |     2 ||     3
  Use: Potion            |       |     1 ||     1
 Stab: Sleeping          |     1 |       ||     1
Armor: Leather armour    |    24 |     8 ||    32
Dodge: Dodged            |    55 |    16 ||    71

Table legend: (Time is in decaauts)
 A = Elapsed time spent in this place.
 B = Non-inter-level travel time spent in this place.
 C = Inter-level travel time spent in this place.
 D = Time resting spent in this place.
 E = Time spent auto-exploring this place.
 F = Levels seen in this place.
 G = Mean time per level.
                   A        B        C        D        E       F      G
               +--------+--------+--------+--------+--------+-----+--------+
         Total |   1380 |   1307 |     73 |    425 |    552 |   2 |  690.0 |
       Dungeon |   1380 |   1307 |     73 |    425 |    552 |   2 |  690.0 |
               +--------+--------+--------+--------+--------+-----+--------+

Top non-repeatable levels by time:
     D:1: 1329 daAuts
     D:2: 51 daAuts
